 Dungeon Crawl Stone Soup version 0.24.0-13-gcf9b3192b9 (webtiles) character file.

Game seed: 1283655327141475043, levelgen mode: deterministic

16 Arixos the Skirmisher (level 2, -4/24 HPs)
             Began as a Mummy Abyssal Knight on Nov 7, 2019.
             Slain by a small abomination (8 damage)
             ... created by the touch of Lugonu
             ... on level 1 of the Dungeon.
             The game lasted 00:03:41 (885 turns).

Arixos the Skirmisher (Mummy Abyssal Knight)         Turns: 885, Time: 00:03:42

Health: -4/24      AC:  3    Str: 15    XL:     2   Next: 41%
Magic:  3/3        EV: 11    Int: 11    God:
Gold:   40         SH:  0    Dex: 11    Spells: 1/1 levels left

rFire    x . .     SeeInvis .   f - +1 whip (drain)
rCold    + . .     Gourm    .   (no shield)
rNeg     + + +     Faith    .   b - +0 leather armour
rPois    ∞         Spirit   .   (no helmet)
rElec    .         Reflect  .   (no cloak)
rCorr    .         Harm     .   (no gloves)
MR       .....                  (no boots)
Stlth    ..........             (no amulet)
HPRegen  0.08/turn              c - ring of attention (curse)
MPRegen  0.08/turn              (no ring)

@: no status effects
A: no food or potions, fire vulnerability, cold resistance 1, negative energy
resistance 3, torment resistance, unbreathing
a: no special abilities


You were on level 1 of the Dungeon.
You were not hungry.

You visited 1 branch of the dungeon, and saw 1 of its levels.
You visited the Abyss 1 time.

You collected 40 gold pieces.

Inventory:

Hand Weapons
 a - a +1 falchion
 f - a +1 whip of draining (weapon)
Armour
 b - a +0 leather armour (worn)
Jewellery
 c - a cursed ring of attention (left hand)
Scrolls
 d - 6 scrolls of teleportation {unknown}
 e - 3 scrolls of identify {unknown}


   Skills:
 + Level 3.2 Fighting
 - Level 1.8 Long Blades
 + Level 0.0 Maces & Flails
 + Level 1.8 Armour
 + Level 1.1 Dodging
   Level 1.5 Invocations


You had one spell level left.
You didn't know any spells.
Your spell library was empty.

Dungeon Overview and Level Annotations

Branches:
Dungeon (1/15)

Altars:


Innate Abilities, Weirdness & Mutations

You do not eat or drink.
Your flesh is vulnerable to fire.
You are immune to poison.
Your flesh is cold resistant. (rC+)
You are immune to negative energy. (rN+++)
You are immune to unholy pain and torment.
You can survive without breathing.


Message History

The small abomination completely misses you.
The small abomination hits you!
Press: ? - help, v - describe, . - travel
Here: a small abomination (durably summoned)
The floor.
The small abomination hits you!
Ouch! That really hurt!
* * * LOW HITPOINT WARNING * * *
Press: ? - help, v - describe, . - travel
Here: a small abomination (durably summoned)
The floor.
The small abomination barely misses you.
The small abomination hits you.
* * * LOW HITPOINT WARNING * * *
The small abomination barely misses you.
The small abomination misses you.
The small abomination closely misses you.
The small abomination hits you but does no damage.
The small abomination hits you!
You die...

##..##
##......#..
#..##
##......###.
##.##
##......## ##
#..# ##......##
#
#.####......##
#..........##
#.####......##
#.x# ##......##
# ##@##
##......## ##
#..##
##......###.
##..##
##......#..
##..##
##........
##..##
##.......
##..#####...<..
##...####.....
###...###...#
###........


You could see a small abomination.

Vanquished Creatures
  A leopard gecko (D:1)
  2 ball pythons (D:1)
  4 hobgoblins (D:1)
  3 kobolds (D:1)
  2 bats (D:1)
  A rat (D:1)
13 creatures vanquished.

Notes
Turn   | Place    | Note
-------+----------+-------------------------------------------
     0 | Abyss:1  | Arixos the Mummy Abyssal Knight began the quest for the
                  | Orb.
     0 | Abyss:1  | Reached XP level 1. HP: 18/18 MP: 2/2
    10 | D:1      | Escaped the Abyss
    11 | D:1      | Fell from the grace of Lugonu
   221 | D:1      | Reached skill level 1 in Dodging
   274 | D:1      | Reached XP level 2. HP: 6/24 MP: 3/3
   842 | D:1      | Noticed a small abomination
   885 | D:1      | Slain by a small abomination

Levels and vault maps discovered:
D:1:      dpeg_arrival_central, layout_basic

Skill      XL: |  1 |
---------------+----+-----
Dodging        | 1 |  1.1
Fighting       | |  3.2
Long Blades    | |  1.8
Armour         | |  1.8
Invocations    | |  1.5

Action                   || total
-------------------------++-------
Melee: Falchion          ||    39
       Whip              ||     2
Invok: Renounce Religion ||     1
Armor: Leather armour    ||     9
Dodge: Dodged            ||    39
       Rpst.: Falchion   ||     6
